 Dungeon Crawl Stone Soup version 0.29.0-4-gdea44cf6ec (webtiles) character file.

Game seed: 2301490156964291057

42 qw the Chopper (level 3, -3/21 HPs)
             Began as a Tengu Warper on Aug 28, 2022.
             Slain by a gnoll
             ... wielding a +1 spear of freezing
              (6 damage)
             ... on level 3 of the Dungeon.
             The game lasted 00:00:08 (1426 turns).

qw the Chopper (Tengu Warper)                       Turns: 1426, Time: 00:00:09

Health: -3/21      AC:  5    Str: 13    XL:     3   Next: 56%
Magic:  7/7        EV: 11    Int: 13    God:
Gold:   66         SH:  0    Dex: 19    Spells: 6/6 levels left

rFire   . . .      SeeInvis .   Y - +0 hand axe
rCold   . . .      Faith    .   (no shield)
rNeg    . . .      Spirit   .   h - +0 ring mail
rPois   .          Reflect  .   (helmet restricted)
rElec   .          Harm     .   (no cloak)
rCorr   .          Rampage  .   (no gloves)
Will    .....                   (boots unavailable)
Stlth   +.........              g - amulet of regeneration
HPRegen 0.87/turn               j - +6 ring of dexterity
MPRegen 0.10/turn               (no ring)

@: no status effects
A: beak, talons 3
a: no special abilities


You were on level 3 of the Dungeon.
You visited 1 branch of the dungeon, and saw 3 of its levels.

You collected 66 gold pieces.


Innate Abilities, Weirdness & Mutations

You have a beak for a mouth.
You have claws for feet.


   Skills:
 - Level 2.0 Fighting
 + Level 4.2 Axes
 - Level 1.0 Throwing
 - Level 1.1 Armour
 - Level 2.1 Dodging
 - Level 2.0 Spellcasting
 - Level 2.4 Translocations


You had 6 spell levels left.
You didn't know any spells.
Your spell library contained the following spells:

 Spells                   Type           Power      Damage    Failure   Level
 Blink                    Tloc           14%        N/A       30%         2
 Gell's Gravitas          Tloc           7%         N/A       52%         3
 Lesser Beckoning         Tloc           7%         N/A       52%         3
 Teleport Other           Tloc           7%         N/A       52%         3
 Manifold Assault         Tloc           7%         N/A       99%         5

Inventory:

Hand Weapons
 c - a +0 whip
 Y - a +0 hand axe (weapon)
Armour
 h - a +0 ring mail (worn)
Jewellery
 g - an amulet of regeneration (around neck)
 j - a +6 ring of dexterity (left hand)
Potions
 a - a potion of flight {unknown}
 d - a potion of ambrosia {unknown}
 e - a potion of heal wounds
 f - a potion of curing {unknown}
 m - a potion of haste {unknown}

Dungeon Overview and Level Annotations

Branches:
Dungeon (3/15)

Altars:


Message History

The goblin hits you but does no damage. The rat bites you but does no damage.
You hit the rat.
You kill the rat!
You hit the goblin. The goblin barely misses you.
You hit the goblin.
You kill the goblin!
You hit the orc. The orc hits you but does no damage.
You completely miss the orc.
The orc is heavily wounded.
The orc hits you but does no damage.
You barely miss the orc.
The orc is heavily wounded.
The orc hits you but does no damage.
You hit the orc but do no damage. You claw the orc.
You kill the orc!
You see here a +0 dagger.
a - a glowing amethyst potion An orc comes into view.
It is wielding a +0 dagger.
The orc shouts!
You hit the orc. Your kick misses the orc. You peck the orc.
You kill the orc! 2 gnolls come into view.
The gnoll shouts!
A gnoll comes into view. It is wielding a +0 whip.
Enter note: A gnoll comes into view. It is wielding a +1 spear of freezing.
The gnoll hits you with a +0 spear! The gnoll closely misses you.
You hit the gnoll.
The gnoll is moderately wounded.
You hit the gnoll. You hit the gnoll but do no damage.
The gnoll barely misses you. The gnoll closely misses you.
The gnoll barely misses you. The gnoll hits you with a +0 club.
You barely miss the gnoll.
The gnoll is moderately wounded.
You hit the gnoll. You hit the gnoll but do no damage.
The gnoll hits you with a +0 spear. The gnoll hits you with a +0 club.
The gnoll hits you from afar with a +1 spear of freezing.
You die...

######### #.......#
#.#####.# #### #.#
#.# ####.gg#####.##
#.#
......g@......#..#.##
.....#g#####..#..#..#
... ... #..#..#.## .
###. #..#..#.# #.
###.....#.#
####.#.........#.#
..........#...#.#
......#.#.......#
......#.......####


You could see 4 gnolls.

Vanquished Creatures
  3 orcs (D:3)
  5 endoplasms
  A giant cockroach (D:1)
  4 hobgoblins
  2 jackals (D:1)
  2 kobolds (D:2)
  2 quokkas (D:1)
  6 ball pythons
  5 bats
  3 goblins
  3 rats
36 creatures vanquished.

Vanquished Creatures (others)
  3 plants (D:2)
3 creatures vanquished.

Grand Total: 39 creatures vanquished

Notes
Turn   | Place    | Note
-------+----------+-------------------------------------------
     0 | D:1      | qw the Tengu Warper began the quest for the Orb.
     0 | D:1      | Reached XP level 1. HP: 12/12 MP: 4/4
     0 | D:1      | 0 ||| qw: Version: 0.1-a-89-g26bdef1
     0 | D:1      | 0 ||| qw: Game counter: 3118
     0 | D:1      | 0 ||| qw: Always use a shield: true
     0 | D:1      | 0 ||| qw: God list: Okawaru
     0 | D:1      | 0 ||| qw: Allow faded altars: false
     0 | D:1      | 0 ||| qw: Do Orc after D:15 true
     0 | D:1      | 0 ||| qw: Do second Lair branch before Depths: true
     0 | D:1      | 0 ||| qw: Lair rune preference: random
     0 | D:1      | 0 ||| qw: Plans: Normal
     0 | D:1      | 0 ||| PLANNING D:1-11
    18 | D:1      | 18 ||| Stepping ~*~*~tactically~*~*~ (stealth).
    87 | D:1      | Reached XP level 2. HP: 17/17 MP: 6/6
    89 | D:1      | Reached skill level 3 in Axes
   199 | D:1      | 199 ||| Stepping ~*~*~tactically~*~*~ (stealth).
   261 | D:1      | 261 ||| Stepping ~*~*~tactically~*~*~ (stealth).
   286 | D:1      | 286 ||| Stepping ~*~*~tactically~*~*~ (stealth).
   472 | D:1      | 472 ||| UPGRADING to +0 ring mail.
   482 | D:1      | 482 ||| DROPPING +0 leather armour.
   483 | D:1      | 483 ||| UPGRADING to amulet of regeneration.
   488 | D:1      | 488 ||| DROPPING scroll of blinking.
   582 | D:2      | Reached XP level 3. HP: 21/21 MP: 7/7
   588 | D:2      | 588 ||| Stepping ~*~*~tactically~*~*~ (stealth).
   589 | D:2      | 589 ||| Stepping ~*~*~tactically~*~*~ (stealth).
   968 | D:2      | Reached skill level 4 in Axes
  1286 | D:2      | 1286 ||| UPGRADING to +6 ring of dexterity.
  1287 | D:2      | 1287 ||| READING scroll labelled XATTAF CEOSAIPN.
  1288 | D:2      | 1288 ||| READING 2 scrolls labelled YHYEMEIREN.
  1289 | D:2      | 1289 ||| READING scroll labelled GIPNEHI DOPYH.
  1290 | D:2      | 1290 ||| READING scroll labelled ISOOLA OHIELU.
  1291 | D:2      | 1291 ||| READING scroll labelled POPAUWNUGIM.
  1292 | D:2      | 1292 ||| DRINKING 2 orange potions.
  1293 | D:2      | 1293 ||| DROPPING scroll of fear.
  1346 | D:3      | 1346 ||| Stepping ~*~*~tactically~*~*~ (stealth).
  1347 | D:3      | 1347 ||| Stepping ~*~*~tactically~*~*~ (stealth).
  1349 | D:3      | 1349 ||| Stepping ~*~*~tactically~*~*~ (stealth).
  1426 | D:3      | HP: 4/21 [gnoll/+0 spear (5)]
  1426 | D:3      | Slain by a gnoll

Levels and vault maps discovered:
D:1:      spicycebolla_green_bress_n_ham, layout_rooms
D:2:      layout_loops_ring, serial_forest, infiniplex_forest_clump_tiny,
          infiniplex_forest_clump_small, infiniplex_forest_end_2,
          infiniplex_forest_lined_2, infiniplex_forest_end_3,
          infiniplex_forest_straight_3, infiniplex_forest_lined_corner,
          infiniplex_forest_end_2
D:3:      layout_basic, shapermc_ecumenical_altar_notcrosses

Skill      XL: |  1  2  3 |
---------------+----------+-----
Axes           | 3 4 |  4.2
Fighting       | |  2.0
Throwing       | |  1.0
Armour         | |  1.1
Dodging        | |  2.1
Spellcasting   | |  2.0
Translocations | |  2.4

Action                   || total
-------------------------++-------
Melee: Hand axe          ||    69
       Kick              ||    13
       Peck              ||     5
Throw: Boomerang         ||     7
  Use: Scroll            ||     5
       Potion            ||     1
Armor: Leather armour    ||    11
       Ring mail         ||    11
Dodge: Dodged            ||    41

Table legend:
 A = Non-vault XP
 B = Vault XP
 C = Vault XP percentage of total XP
 D = Non-vault monster count
 E = Vault monster count
 F = Vault count percentage of total count
                 A         B        C        D         E       F
            +---------+---------+-------+---------+---------+-------
      Total |      61 |       0 |   0.0 |      36 |       0 |   0.0
            +---------+---------+-------+---------+---------+-------
        D:1 |      30 |       0 |   0.0 |      19 |       0 |   0.0
        D:2 |      18 |       0 |   0.0 |      11 |       0 |   0.0
        D:3 |      13 |       0 |   0.0 |       6 |       0 |   0.0
            +---------+---------+-------+---------+---------+-------
